 Dungeon Crawl Stone Soup version 0.31.0-11-ge490571c62 (webtiles) character file.

Game seed: 3281703948755216843

2807 hawla the Nimble (level 9, -2/121 HPs)
             Began as a Minotaur Fighter on Feb 5, 2024.
             Was an Initiate of Makhleb.
             Slain by a yak (5 damage)
             ... on level 8 of the Dungeon.
             The game lasted 00:19:44 (6957 turns).

hawla the Nimble (Minotaur Fighter)                 Turns: 6957, Time: 00:19:45

Health: -2/121     AC: 24    Str: 24    XL:     9   Next: 44%
Magic:  2/8        EV:  2    Int:  5    God:    Makhleb [......]
Gold:   388        SH:  6    Dex: 17    Spells: 8/8 levels left

rFire   . . .        b - +2 broad axe (pain)
rCold   + . .        c - +0 buckler
rNeg    . . .        j - melded +5 chain mail {rF+}
rPois   +            (helmet currently unavailable)
rElec   .            u - melded +0 cloak
rCorr   .            (gloves currently unavailable)
SInv    .            B - melded +0 pair of boots
Will    .....        (no amulet)
Stlth   ++           g - +6 ring of dexterity
HPRegen 0.00/turn    q - ring of protection from cold
MPRegen 0.11/turn

%: no passive effects
@: mighty, tree-form, inhibited regen, studying Fighting
A: stationary, stasis, torment immunity, boosted hp, (horns 2), (retaliatory
headbutt), inhibited regeneration
a: Renounce Religion


You were on level 8 of the Dungeon.
You worshipped Makhleb.
Makhleb was noncommittal.
You were a tree.
You visited 2 branches of the dungeon, and saw 9 of its levels.

You collected 436 gold pieces.
You spent 48 gold pieces at shops.

Inventory:

Hand Weapons
 b - a +2 broad axe of pain (weapon)
Missiles
 f - 6 poisoned darts (quivered)
 v - 2 throwing nets
 x - a curare-tipped dart
Armour
 c - a +0 buckler (worn)
 j - a +5 chain mail of fire resistance (melded)
 u - a +0 cloak (melded)
 B - a +0 pair of boots (melded)
Jewellery
 g - a +6 ring of dexterity (left branch)
 q - a ring of protection from cold (right branch)
Wands
 m - a wand of charming (5)
 p - a wand of flame (9)
 t - a wand of mindburst (14)
 A - a wand of quicksilver (13)
Scrolls
 y - a scroll of revelation
 C - a scroll of identify
Potions
 a - a potion of invisibility
 d - 4 potions of might
 e - 5 potions of enlightenment
 h - a potion of cancellation
 l - a potion of haste
 o - a potion of magic
 r - a potion of resistance {unknown}
 s - 2 potions of curing
 w - 2 potions of heal wounds {unknown}
 z - a potion of attraction {unknown}


   Skills:
 - Level 8.0 Fighting
 - Level 2.4 Axes
 - Level 6.0 Throwing
 - Level 3.6 Armour
 - Level 9.0 Dodging
 - Level 5.0 Shields
 + Level 0.2 Necromancy
 - Level 4.0 Evocations


You had 8 spell levels left.
You didn't know any spells.
Your spell library contained the following spells:

 Spells                   Type           Power      Damage    Failure   Level
 Necrotise                Necr           0%         1d4       52%         1
 Apportation              Tloc           0%         N/A       54%         1
 Foxfire                  Conj/Fire      0%         2x1d4     54%         1
 Jinxbite                 Hex            0%         N/A       67%         2
 Lesser Beckoning         Tloc           0%         N/A       67%         2
 Vampiric Draining        Necr           0%         2d6       87%         3
 Frozen Ramparts          Ice            0%         1d1       88%         3
 Gell's Gravitas          Tloc           0%         N/A       88%         3
 Teleport Other           Tloc           0%         N/A       88%         3
 Flame Wave               Conj/Fire      0%         2d4       99%         4
 Leda's Liquefaction      Alch/Erth      0%         N/A       99%         4
 Martyr's Knell           Necr/Summ      0%         N/A       99%         4
 Petrify                  Alch/Erth      0%         N/A       99%         4
 Alistair's Intoxication  Alch           0%         N/A       100%        5
 Curse of Agony           Necr           0%         N/A       100%        5
 Fireball                 Conj/Fire      0%         3d3       100%        5
 Lee's Rapid Deconstruct  Erth           0%         3d4*      100%        5
 Metabolic Englaciation   Hex/Ice        0%         N/A       100%        5
 Ignition                 Fire           0%         3d3       100%        8
 Polar Vortex             Ice            0%         N/A       100%        9


Dungeon Overview and Level Annotations

Branches:
Dungeon (8/15)             Temple (1/1) D:6
   Lair: D:8-11

Altars:
Ashenzari
Cheibriados
Elyvilon
Fedhas
Gozag
Hepliaklqana
Kikubaaqudgha
Makhleb
Nemelex Xobeh
Okawaru
Qazlal
Ru
Sif Muna
Trog
Uskayaw
Vehumet
Wu Jian
Xom
Yredelemnul
Zin
The Shining One

Shops:
D:2 [*?

Annotations:
D:4 3 runed translucent doors, firemarshallily's ghost, amateur NaBr
D:8 Maurice


Innate Abilities, Weirdness & Mutations

You are a tree.
Your roots penetrate the ground, keeping you stationary.
You cannot be teleported.
You are immune to unholy pain and torment.
Your maximum health is greatly increased.
Your equipment is partially melded.
((You have a pair of horns on your head.))
((You reflexively headbutt those who attack you in melee.))
You do not regenerate when monsters are visible.


Message History

The yak gores you but does no damage. You block the yak's attack.
The yak gores you!
* * * LOW HITPOINT WARNING * * *
The yak gores you but does no damage. x2
It was a potion of curing.
You feel better. The yak gores you but does no damage. The yak gores you.
* * * LOW HITPOINT WARNING * * *
The yak gores you but does no damage. The yak barely misses you.
You block the yak's attack.
You feel very mighty all of a sudden.
The yak gores you but does no damage. x2; The yak completely misses you.
The yak gores you but does no damage. x2
You slice the yak!!
The yak is heavily wounded.
You slash the yak! You hit the yak.
You slash the yak! x2; The yak gores you.
* * * LOW HITPOINT WARNING * * *
The yak gores you but does no damage. x4
Unknown command.
You closely miss the yak.
The yak is heavily wounded.
You hit the yak. You barely miss the yak. You slice the yak!!
You barely miss the yak. The yak gores you but does no damage.
The yak gores you!
* * * LOW HITPOINT WARNING * * *
The yak gores you but does no damage. You block the yak's attack.
The yak completely misses you. The yak gores you!
* * * LOW HITPOINT WARNING * * *
The yak gores you.
* * * LOW HITPOINT WARNING * * *
The yak gores you but does no damage. The yak gores you.
* * * LOW HITPOINT WARNING * * *
You block the yak's attack.
You feel better.
The yak gores you but does no damage. x5
You slice the yak!!
The yak is heavily wounded.
You closely miss the yak. You slash the yak! You hit the yak but do no damage.
You barely miss the yak. You block the yak's attack. The yak gores you.
* * * LOW HITPOINT WARNING * * *
The yak gores you.
You die...

....... .......
....... ..?....
.......
......Y########
......YY.....)#
.....kY♣......#
......YY#######
.........
..........
...........
............
.............
#.............


You could see 6 yaks and a wyvern.

Vanquished Creatures
  Maggie (D:6)
  Sigmund (D:6)
  An ice beast (D:7)
  3 black bears
  A phantom (D:6)
  A centaur (D:6)
  A kobold brigand (D:6)
  A bullfrog (D:4)
  6 scorpions
  3 bombardier beetles
  6 hounds
  2 gnoll boudas
  5 jellies
  6 orc priests
  Jessica (D:3)
  4 iguanas
  Terence (D:3)
  9 orc wizards
  8 gnolls
  8 adders
  2 shadow imps (D:5)
  2 white imps (D:6)
  8 ufetubi
  A ribbon worm (D:2)
  2 dart slugs
  22 orcs
  7 bats
  6 endoplasms
  6 giant cockroaches
  5 goblins
  6 hobgoblins
  14 kobolds
  4 quokkas
  10 ball pythons
  3 frilled lizards
  11 rats
178 creatures vanquished.

Notes
Turn   | Place    | Note
-------+----------+-------------------------------------------
     0 | D:1      | hawla the Minotaur Fighter began the quest for the Orb.
     0 | D:1      | Reached XP level 1. HP: 19/19 MP: 0/0
    64 | D:1      | Reached XP level 2. HP: 25/26 MP: 1/1
   246 | D:1      | Reached skill level 5 in Shields
   321 | D:1      | Reached XP level 3. HP: 33/33 MP: 2/2
   673 | D:2      | Found a blossoming altar of Fedhas.
   735 | D:2      | Noticed a scorpion
   742 | D:2      | Killed a scorpion
   743 | D:2      | Reached skill level 5 in Fighting
   743 | D:2      | Reached XP level 4. HP: 30/42 MP: 3/3
   921 | D:2      | Found Roexta's Magic Scroll Boutique.
   930 | D:2      | Bought a scroll of identify for 24 gold pieces
   930 | D:2      | Bought a scroll of identify for 24 gold pieces
   990 | D:2      | Found Xajiukku's Antique Armour Boutique.
  1407 | D:2      | Found Faekieh's Assorted Antiques.
  1432 | D:3      | Noticed Jessica
  1432 | D:3      | Noticed Terence
  1435 | D:3      | Killed Terence
  1439 | D:3      | Killed Jessica
  1440 | D:3      | Reached XP level 5. HP: 21/50 MP: 4/4
  1891 | D:3      | Noticed a black bear
  1897 | D:3      | Killed a black bear
  1898 | D:3      | Reached XP level 6. HP: 47/61 MP: 5/5
  2223 | D:4      | Noticed firemarshallily's ghost (amateur NaBr)
  2223 | D:4      | Found a runed translucent gate.
  2223 | D:4      | Found a runed translucent gate.
  2223 | D:4      | Found a runed translucent gate.
  2314 | D:4      | Reached skill level 1 in Evocations
  2329 | D:4      | Found an ancient bone altar of Kikubaaqudgha.
  2536 | D:4      | Reached XP level 7. HP: 63/68 MP: 6/6
  2601 | D:4      | Found a glowing golden altar of the Shining One.
  2606 | D:4      | Got the Grimoire of the Loofah
  2831 | D:5      | Entered Level 5 of the Dungeon
  2886 | D:5      | Reached skill level 1 in Throwing
  2918 | D:5      | Got Zojudy Ryfa's Commentary on the Torrid Serac
  3209 | D:5      | Found an opulent altar of Gozag.
  3835 | D:5      | Reached XP level 8. HP: 55/74 MP: 7/7
  4071 | D:5      | Reached skill level 5 in Throwing
  4698 | D:6      | Found a staircase to the Ecumenical Temple.
  4768 | D:6      | Noticed Maggie
  4782 | D:6      | Killed Maggie
  4783 | D:6      | Reached skill level 3 in Dodging
  4860 | D:6      | Reached skill level 4 in Dodging
  4892 | Temple   | Entered the Ecumenical Temple
  5039 | D:6      | Identified the +1 robe "Ysiaxuj" {rPois Will- Dex-2 SInv}
  5098 | D:6      | Noticed Sigmund
  5103 | D:6      | Killed Sigmund
  5104 | D:6      | Reached skill level 5 in Dodging
  5184 | D:6      | Reached skill level 6 in Dodging
  5191 | D:6      | Reached XP level 9. HP: 40/81 MP: 8/8
  5636 | D:6      | Identified the +0 robe "Xuhynatiow" {Dex+3}
  5678 | D:6      | Reached skill level 7 in Dodging
  6023 | D:7      | Gained mutation: You do not regenerate when monsters are
                  | visible. [potion of mutation]
  6046 | D:7      | Found a burning altar of Makhleb.
  6153 | D:7      | Found a glowing silver altar of Zin.
  6153 | D:7      | Noticed an angel
  6154 | D:7      | Noticed a cacodemon
  6156 | D:7      | Became a worshipper of Makhleb the Destroyer
  6214 | D:7      | Reached skill level 8 in Dodging
  6373 | D:7      | Found a snail-covered altar of Cheibriados.
  6893 | D:8      | Reached skill level 9 in Dodging
  6927 | D:8      | Identified the +2 scale mail "Qiang" {Dex+2}
  6935 | D:8      | Noticed Maurice
  6942 | D:8      | Something stole 14 poisoned darts
  6955 | D:8      | HP: 6/121 [yak (3)]
  6957 | D:8      | Slain by a yak

Illustrated notes

Levels and vault maps discovered:
D:1:      tarquinn_simple_flora_water_f, layout_basic, minmay_pentomino_x4
D:2:      layout_basic, basic_altar, serial_shops, nicolae_shop_real_fake_doors,
          nicolae_shop_peninsula, nicolae_shop_back_alley_shop
D:3:      layout_rooms, chequers_serial_rivers_large_a, uniq_jessica,
          uniq_terence
D:4:      layout_rooms, mainiacjoe_overflow_24_doors,
          mainiacjoe_overflow_surrounded_room, gammafunk_ghost_split
D:5:      layout_loops_ring, grunt_gozag_breadcrumbs, serial_library,
          serial_library_regret_index_headful,
          serial_library_hellmonk_open_square,
          serial_library_regret_index_branch_corner,
          serial_library_hellmonk_narrow_alcove,
          serial_library_hellmonk_hallway_b, serial_library_hellmonk_u_bend,
          serial_library_hellmonk_open_square
D:6:      minmay_thinvault, layout_loops_ring, minmay_temple_entry_slanted,
          uniq_maggie, uniq_sigmund
D:7:      layout_loops_ring, grunt_temple_overflow_order_and_chaos_2,
          lemuel_round_altar, chequers_garden
D:8:      layout_cave_pods, feat_on_display, uniq_maurice
Temple:   regret_index_temple_generic_petals

Skill      XL: |  1  2  3  4  5  6  7  8  9 |
---------------+----------------------------+-----
Shields        | 4 5 |  5.0
Fighting       | 5 6 7 8 |  8.0
Evocations     | 3 4 |  4.0
Throwing       | 4 6 |  6.0
Dodging        | 6 9 |  9.0
Axes           | |  2.4
Armour         | |  3.6
Necromancy     | |  0.2

Action                     |  1- 3 |  4- 6 |  7- 9 || total
---------------------------+-------+-------+-------++-------
  Melee: War axe           |    73 |    68 |   121 ||   262
         Headbutt          |     8 |    13 |    54 ||    75
         Broad axe         |       |       |   156 ||   156
  Throw: Dart              |       |     1 |       ||     1
  Evoke: Wand              |       |       |     4 ||     4
    Use: Scroll            |     1 |     7 |    13 ||    21
         Potion            |       |       |     5 ||     5
 Armour: Scale mail        |    50 |    13 |       ||    63
         Chain mail        |       |    36 |   305 ||   341
         Skin              |       |       |    30 ||    30
  Dodge: Dodged            |    34 |    27 |   154 ||   215
  Block: Buckler           |    23 |    18 |   105 ||   146
